 Dungeon Crawl Stone Soup version 0.25.0-11-g1f837a7 (webtiles) character file.

Game seed: 8197400499660619554

2571 Cheivey the Chopper (level 9, 0/68 HPs)
             Began as a Demonspawn Fighter on June 26, 2020.
             Was a Believer of Qazlal.
             Succumbed to a hornet's poison
             ... on level 6 of the Dungeon.
             The game lasted 00:15:06 (7792 turns).

Cheivey the Chopper (Demonspawn Fighter)            Turns: 7792, Time: 00:15:06

Health: 0/68       AC: 26    Str: 19    XL:     9   Next: 32%
Magic:  7/10       EV:  4    Int: 10    God:    Qazlal [**....]
Gold:   323        SH: 12    Dex: 13    Spells: 8/8 levels left

rFire    + . .     SeeInvis .   p - +0 broad axe
rCold    . . .     Gourm    .   c - +0 kite shield
rNeg     . . .     Faith    .   a - +0 plate armour
rPois    .         Spirit   +   m - +2 helmet
rElec    .         Reflect  .   g - +1 cloak
rCorr    .         Harm     .   (no gloves)
MR       .....                  o - +1 pair of boots
Stlth    ..........             (no amulet)
HPRegen  0.21/turn              k - ring of protection from fire
MPRegen  0.12/turn              (no ring)

@: mighty, lethally poisoned (0 -> -3), sanguine armour, stab
A: hooves 1, powered by pain 2, magic shield, sanguine armour 1
a: Upheaval, Renounce Religion


You were on level 6 of the Dungeon.
You worshipped Qazlal.
Qazlal was pleased with you.
You were not hungry.

You visited 2 branches of the dungeon, and saw 8 of its levels.

You collected 323 gold pieces.

Inventory:

Hand Weapons
 l - a +2 flail of freezing
 p - a +0 broad axe (weapon)
Armour
 a - a +0 plate armour (worn)
 c - a +0 kite shield (worn)
 g - a +1 cloak (worn)
 m - a +2 helmet (worn)
 o - a +1 pair of boots (worn)
Jewellery
 k - a ring of protection from fire (left hand)
Wands
 i - a wand of iceblast (12)
 s - a wand of random effects (14)
Scrolls
 d - a scroll of blinking
 h - a scroll of immolation
 j - 4 scrolls of remove curse
 n - 7 scrolls of teleportation
 t - a scroll of amnesia {unknown}
Potions
 e - a potion of flight
 q - 4 potions of brilliance
 r - a potion of berserk rage
Comestibles
 b - 3 chunks of flesh
 f - 7 rations


   Skills:
 + Level 5.3 Fighting
 + Level 7.9 Axes
 + Level 5.3 Armour
 + Level 2.0 Dodging
 + Level 1.7 Stealth
 + Level 5.3 Shields
 * Level 2.2 Invocations
 * Level 1.6 Evocations


You had 8 spell levels left.
You didn't know any spells.
Your spell library contained the following spells:

 Spells                   Type           Power        Failure   Level  Hunger
 Beastly Appendage        Tmut           #.....       100%        1    ##.....
 Sticks to Snakes         Tmut           #.......     100%        2    ###....
 Spider Form              Tmut/Pois      #.........   100%        3    ####...
 Ice Form                 Ice/Tmut       #.......     100%        4    #####..
 Blade Hands              Tmut           #.........   100%        5    ######.


Dungeon Overview and Level Annotations

Branches:
Dungeon (7/15)             Temple (1/1) D:4

Altars:
Dithmenos
Gozag
Hepliaklqana
Makhleb
Nemelex Xobeh
Qazlal
Ru
Trog
Uskayaw
Vehumet
Xom
Yredelemnul
The Shining One

Portals:
Abyss: D:5

Annotations:
D:5 2 transporters, pmoppi's ghost, novice OpEE


Innate Abilities, Weirdness & Mutations

You have large cloven feet.
You sometimes gain power by taking damage.
When hurt, damage is shared between your health and your magic reserves.
When seriously injured, your bleeding wounds create armour. (AC +6)


Message History

You feel sick.
* * * LOW HITPOINT WARNING * * *
You feel sick.
* * * LOW HITPOINT WARNING * * *
You feel sick.
* * * LOW HITPOINT WARNING * * *
You feel sick.
* * * LOW HITPOINT WARNING * * *
You feel sick.
* * * LOW HITPOINT WARNING * * *
You feel sick.
* * * LOW HITPOINT WARNING * * *
You feel sick.
* * * LOW HITPOINT WARNING * * *
You feel sick.
* * * LOW HITPOINT WARNING * * *
You feel sick.
* * * LOW HITPOINT WARNING * * *
You feel sick.
You die...

######## #.......
#.######
###########.######
#@..((......#.....
#.###(........####
#.# #(############
#.# #.# #.......
#.# #.#####...####
#.# #.#......#.###
#)# #.#)#.#..##[##
#(# #.#[#.#.......
#)###.#.#.#.###.##


There were no monsters in sight!

Vanquished Creatures
  A hornet (D:6)
  The ghost of howech the Chopper, an amateur MiBe of Trog (D:4)
  Eustachio (D:5)
  Edmund (D:5)
  2 ogres
  2 orc warriors (D:6)
  A necrophage (D:4)
  3 centaurs
  2 bullfrogs (D:7)
  A water moccasin skeleton (D:4)
  7 wights
  2 crimson imps (D:5)
  A bullfrog zombie (D:6)
  2 jellies
  2 centaur skeletons
  An orc priest (D:6)
  Crazy Yiuf (D:2)
  3 hounds
  A gnoll shaman (D:6)
  2 worker ants
  An orc wizard (D:3)
  A worker ant zombie (D:5)
  9 gnolls
  12 adders
  A shadow imp (D:4)
  An ooze (D:1)
  A worm (D:3)
  12 leopard geckos
  14 orcs
  13 bats
  6 giant cockroaches
  7 goblins
  14 hobgoblins
  14 jackals
  6 quokkas
  5 frilled lizards
  A jackal skeleton (D:5)
  9 kobolds
  A quokka skeleton (D:4)
  11 rats
  3 fungi (D:2)
179 creatures vanquished.

Notes
Turn   | Place    | Note
-------+----------+-------------------------------------------
     0 | D:1      | Cheivey the Demonspawn Fighter began the quest for the Orb.
     0 | D:1      | Reached XP level 1. HP: 18/18 MP: 1/1
   255 | D:1      | Gained mutation: You sometimes gain a little power by
                  | taking damage. [demonic ancestry]
   255 | D:1      | Reached XP level 2. HP: 24/24 MP: 2/2
   518 | D:1      | Reached skill level 2 in Axes
   640 | D:1      | Gained mutation: When hurt, damage is shared between your
                  | health and your magic reserves. [demonic ancestry]
   640 | D:1      | Reached XP level 3. HP: 29/29 MP: 3/3
  1229 | D:2      | Gained mutation: You sometimes gain power by taking damage.
                  | [demonic ancestry]
  1229 | D:2      | Reached XP level 4. HP: 26/35 MP: 4/4
  1398 | D:2      | Reached skill level 3 in Axes
  2443 | D:2      | Found a runed translucent door.
  2444 | D:2      | Noticed Crazy Yiuf
  2460 | D:2      | Killed Crazy Yiuf
  2460 | D:2      | Reached XP level 5. HP: 14/41 MP: 1/5
  3820 | D:3      | Gained mutation: When seriously injured, your bleeding
                  | wounds create armour. (AC +6) [demonic ancestry]
  3820 | D:3      | Reached XP level 6. HP: 47/47 MP: 6/6
  4143 | D:4      | Reached skill level 4 in Axes
  4247 | D:4      | Found a staircase to the Ecumenical Temple.
  4254 | Temple   | Entered the Ecumenical Temple
  4426 | Temple   | Became a worshipper of Qazlal Stormbringer
  4658 | D:4      | Found a shadowy altar of Dithmenos.
  5009 | D:4      | Found a runed translucent door.
  5009 | D:4      | Noticed howech's ghost (amateur MiBe)
  5377 | D:4      | Killed howech's ghost
  5377 | D:4      | Reached skill level 1 in Dodging
  5377 | D:4      | Reached XP level 7. HP: 49/51 MP: 5/7
  5412 | D:5      | Entered Level 5 of the Dungeon
  5416 | D:5      | Reached skill level 5 in Axes
  5456 | D:5      | Found a basalt altar of Yredelemnul.
  5604 | D:5      | Noticed Edmund
  5616 | D:5      | Killed Edmund
  5616 | D:5      | Reached skill level 1 in Stealth
  5709 | D:5      | Found a transporter.
  5742 | D:5      | Found a one-way gate to the infinite horrors of the Abyss.
  5742 | D:5      | Noticed pmoppi's ghost (novice OpEE)
  5752 | D:5      | Reached XP level 8. HP: 58/58 MP: 8/8
  5757 | D:5      | Found a transporter.
  5872 | D:5      | Reached * piety under Qazlal
  5882 | D:5      | Noticed Eustachio
  5898 | D:5      | Killed Eustachio
  5898 | D:5      | Reached skill level 6 in Axes
  5912 | D:5      | Found a burning altar of Makhleb.
  6310 | D:6      | Reached skill level 5 in Armour
  6740 | D:6      | Reached skill level 7 in Axes
  6840 | D:6      | Reached skill level 5 in Fighting
  6840 | D:6      | Reached skill level 5 in Shields
  6952 | D:6      | Reached ** piety under Qazlal
  6952 | D:6      | Gained mutation: You have large cloven feet. [demonic
                  | ancestry]
  6952 | D:6      | Reached XP level 9. HP: 42/68 MP: 4/9
  7515 | D:6      | Reached skill level 1 in Invocations
  7572 | D:6      | Found a hide-covered altar of Uskayaw.
  7626 | D:6      | Reached skill level 1 in Evocations
  7770 | D:6      | Paralysed by a hornet for 2 turns
  7786 | D:6      | HP: 3/68 [poisoned by a hornet]
  7790 | D:6      | HP: 1/68 [poisoned by a hornet]
  7792 | D:6      | Succumbed to a hornet's poison

Illustrated notes

Levels and vault maps discovered:
D:1:      minmay_arrival_widening_spiral_wide, layout_loops_corners
D:2:      layout_loops_ring, uniq_crazy_yiuf_cottage
D:3:      layout_basic, first_ration
D:4:      layout_cave_pods, grunt_dithmenos_shadows,
          minmay_temple_entry_junction, ebering_ghost_reflecting_pool
D:5:      layout_rooms, yredelemnul_altar_generic,
          gammafunk_ghost_abyssal_escape, chequers_serial_rivers_small_3,
          bloody_makhleb, uniq_edmund, uniq_eustachio
D:6:      layout_loops_ring, eat_drink_and_be_merry_uskayaw, st_stairs_5
D:7:      layout_cave_pools, slow_altar_2, uniq_maggie
Temple:   jpeg_temple_alley_garden

Skill      XL: |  1  2  3  4  5  6  7  8  9 |
---------------+----------------------------+-----
Armour         | 3 4 5 |  5.3
Axes           | 2 3 4 5 7 |  7.9
Shields        | 3 4 5 |  5.3
Dodging        | 1 2 |  2.0
Fighting       | 4 5 |  5.3
Stealth        | 1 |  1.7
Invocations    | 2 |  2.2
Evocations     | 1 |  1.6

Action                   |  1- 3 |  4- 6 |  7- 9 || total
-------------------------+-------+-------+-------++-------
Melee: War axe           |   124 |   332 |     2 ||   458
       Broad axe         |       |       |   251 ||   251
  Use: Potion            |       |     9 |     3 ||    12
       Scroll            |       |     9 |     5 ||    14
  Eat: Chunk             |     1 |     6 |     6 ||    13
       Ration            |       |     3 |       ||     3
Armor: Scale mail        |    64 |   192 |    47 ||   303
       Plate armour      |       |       |    85 ||    85
Dodge: Dodged            |    41 |   108 |    71 ||   220
Block: Kite shield       |    73 |   172 |   174 ||   419
